Map: Dusk Towers

Players

Faplord - Winner!

  • Race: Zerg Zerg
  • League: Diamond

LilDicky

  • Race: Terran Terran
  • League: Diamond

VOD

http://www.twitch.tv/tumescentpie

Description

Time

  • Played on: Jan. 3, 2016, 6:16 a.m.
  • Length: 15:07
Show
View Real Time Build Order
Export as new Build Order

Faplord Zerg - Winner!

Build Orders: Hatch First 

Get SALT Encoding   

  12  0:01  Drone  
  13  0:08  Drone  
  14  0:17  Overlord  
  14  0:44  Hatchery, Drone  
  14  0:49  Drone  
  15  0:51  Drone  
  16  0:58  Drone  
  16  0:59  Extractor  
  16  1:13  Spawning Pool  
  15  1:27  Drone x2  
  15  1:30  Drone  
  19  2:08  Zergling x10  
  19  2:12  Metabolic Boost  
  19  2:14  Queen x2  
  27  2:18  Zergling x2  
  28  2:27  Baneling Nest  
  27  2:36  Zergling x2  
  28  2:42  Overlord  
  28  2:44  Overlord  
  28  3:02  Lair  
  29  3:06  Drone x5  
  29  3:09  Extractor  
  33  3:24  Drone x3  
  36  3:27  Drone  
  37  3:54  Drone  
  37  3:55  Drone x6  
  44  4:18  Spire, Extractor  
  44  4:19  Extractor  
  44  4:23  Drone  
  44  4:24  Drone x2  
  44  4:29  Overlord  
  44  4:30  Overlord  
  44  4:31  Hatchery  
  44  4:33  Drone  
  44  4:50  Drone x7  
  51  4:57  Overlord x2  
  51  5:21  Drone x6  
  57  5:36  Mutalisk x7  
  71  5:43  Queen  
  73  6:03  Zerg Flyer Weapons Level 1, Mutalisk x2  
  73  6:04  Mutalisk  
  79  6:41  Drone x3  
  82  7:28  Overlord  
  82  7:29  Overlord x4  
  82  10:51  Mutalisk  
  82  10:52  Mutalisk x19  
  82  10:55  Overlord x6  
Show
View Real Time Build Order
Export as new Build Order

LilDicky Terran 

Build Orders:  

Get SALT Encoding   

  12  0:45  Command Center  
  12  2:12  Command Center  
  12  2:19  Command Center  
  12  2:46  Command Center  
  4  5:44  SCV  
  5  5:56  SCV  
  6  6:08  SCV  
  7  6:23  Command Center  
  4  9:00  Command Center x2  
  3  10:48  Command Center  
Tags
 
Add a new tag
Caveats
  • Supply blocks, unpowered buildings, or Contaminate may cause inaccurate times.
  • Supply counts are checked every 10 seconds.